 Dungeon Crawl Stone Soup version 0.27.0-1-g7a089689b8 (webtiles) character file.

Game seed: 10797220140287314619

93 willcat the Ruffian (level 4, 0/45 HPs)
             Began as a Troll Delver on Aug 11, 2021.
             Slain by a hornet zombie (4 damage)
             ... in an ossuary.
             The game lasted 00:00:43 (82 turns).

willcat the Ruffian (Troll Delver)                    Turns: 82, Time: 00:00:44

Health: 0/45       AC:  4    Str: 21    XL:     4   Next: 36%
Magic:  3/3        EV: 10    Int:  6    God:
Gold:   5          SH:  0    Dex: 11    Spells: 3/3 levels left

rFire    . . .     SeeInvis .     - Unarmed
rCold    . . .     Faith    .   (no shield)
rNeg     . . .     Spirit   .   a - +0 robe
rPois    .         Reflect  .   (helmet restricted)
rElec    .         Harm     .   (no cloak)
rCorr    .         Rampage  .   (gloves unavailable)
Will     .....                  (boots unavailable)
Stlth    ++........             (no amulet)
HPRegen  1.15/turn              (no ring)
MPRegen  0.08/turn              (no ring)

@: hasted, very quick
A: large, unfitting armour, claws 3, regeneration 1, shaggy fur 1, tough skin 1
a: no special abilities


You were in an ossuary.
You visited 1 branch of the dungeon, and saw 2 of its levels.
You also visited: Ossuary.

You collected 5 gold pieces.

Inventory:

Armour
 a - a +0 robe (worn)
Wands
 f - a wand of digging (3)
Scrolls
 b - a scroll of fog
 c - a scroll of magic mapping
 d - a scroll of fear
 g - a scroll of identify {unknown}


   Skills:
 + Level 3.1 Fighting
 + Level 2.5 Dodging
 - Level 2.7 Stealth
 + Level 3.1 Unarmed Combat


You had 3 spell levels left.
You didn't know any spells.
Your spell library contained the following spells:

 Spells                   Type           Power      Damage    Failure   Level
 Animate Armour           Summ/Erth      0%         N/A       99%         4
 Irradiate                Conj/Tmut      0%         3d14      100%        5
 Eringya's Noxious Bog    Tmut/Pois      0%         N/A       100%        6


Dungeon Overview and Level Annotations

Branches:
Dungeon (6/15)            Ossuary (1/1)
 Temple: D:4-7

Altars:

Annotations:
D:6 Dowan, Duvessa


Innate Abilities, Weirdness & Mutations

You are too large for most types of armour.
You have claws for hands.
Your natural rate of healing is unusually fast.
You are covered in fur. (AC +1)
You have tough skin. (AC +1)


Message History

You have reached level 3!
Your experience leads to an increase in your attributes!
Increase (S)trength, (I)ntelligence, or (D)exterity?
You feel stronger. x2
You have reached level 4!
Unknown command.
Unknown command.
There is an open door here.
You open the door.
A hornet zombie comes into view.
You barely miss the hornet zombie. The hornet zombie hits you!
* * * LOW HITPOINT WARNING * * *
You claw the hornet zombie!
The hornet zombie is moderately damaged.
The hornet zombie hits you but does no damage.
You closely miss the hornet zombie.
The hornet zombie is moderately damaged.
Unknown command.
You barely miss the hornet zombie.
The hornet zombie is moderately damaged.
The hornet zombie barely misses you.
Unknown command.
You scratch the hornet zombie.
The hornet zombie is heavily damaged.
The hornet zombie hits you!
* * * LOW HITPOINT WARNING * * *
Unknown command.
There is an open door here.
You scratch the hornet zombie but do no damage.
The hornet zombie is heavily damaged.
Unknown command.
You barely miss the hornet zombie.
The hornet zombie is heavily damaged.
The hornet zombie hits you.
* * * LOW HITPOINT WARNING * * *
Unknown command.
You barely miss the hornet zombie.
The hornet zombie is heavily damaged.
The hornet zombie hits you.
You die...

##### #..∩#
#.∩.# +
#..@#
#.##Z##+##+#
+..........≈
#+#'#'#'#+#≈
#.#.# #
#####


You could see a hornet zombie.

Vanquished Creatures
  A wyvern zombie (Ossuary)
  2 mummies (Ossuary)
  An orc (D:5)
4 creatures vanquished.

Vanquished Creatures (others)
  A withered plant (Ossuary)
1 creature vanquished.

Grand Total: 5 creatures vanquished

Notes
Turn   | Place    | Note
-------+----------+-------------------------------------------
     0 | D:5      | willcat the Troll Delver began the quest for the Orb.
     0 | D:5      | Reached XP level 1. HP: 22/22 MP: 0/0
     1 | D:6      | Noticed Duvessa
     1 | D:6      | Noticed Dowan
     2 | D:6      | Noticed a scorpion
    21 | D:5      | Found a sand-covered staircase.
    23 | D:5      | Got the Incunabulum of Earthen Shape Shifting
    33 | Ossuary  | Entered an ossuary
    45 | Ossuary  | Noticed a wyvern zombie
    50 | Ossuary  | Reached XP level 2. HP: 29/29 MP: 1/1
    69 | Ossuary  | Reached XP level 3. HP: 13/37 MP: 2/2
    69 | Ossuary  | Reached XP level 4. HP: 16/45 MP: 3/3
    82 | Ossuary  | Slain by a hornet zombie

Illustrated notes

Levels and vault maps discovered:
D:5:      layout_rooms, enter_ossuary_1
D:6:      layout_rooms, gup_sewer_entry_glass, minmay_fractal_squares_gapless_5,
          uniq_grinder, uniq_duvessa
Ossuary:  ossuary_zaba_flooded

Skill      XL: |  1  2 |
---------------+-------+-----
Dodging        | 2 |  2.5
Fighting       | 3 |  3.1
Unarmed Combat | 3 |  3.1
Stealth        | |  2.7

Action                   |  1- 3 |  4- 6 || total
-------------------------+-------+-------++-------
Melee: Unarmed           |    35 |     8 ||    43
  Use: Potion            |     1 |       ||     1
Armor: Robe              |     4 |     1 ||     5
Dodge: Dodged            |    14 |     1 ||    15
